 Dungeon Crawl Stone Soup version 0.17.0-28-g6e173f8 (console) character file.

211 gw the Cudgeler (level 5, 24/47 HPs)
             Began as a Minotaur Abyssal Knight on Nov 22, 2015.
             Was a Believer of Lugonu.
             Quit the game on level 1 of the Dungeon.
             The game lasted 00:11:57 (4183 turns).

gw the Cudgeler (Minotaur Abyssal Knight)           Turns: 4183, Time: 00:11:57

Health: 24/47      AC: 11    Str: 18    XL:     5   Next: 57%
Magic:  5/6        EV: 10    Int:  9    God:    Lugonu [**....]
Gold:   162        SH:  0    Dex: 11    Spells: 0 memorised, 4 levels left

rFire  . . .     SeeInvis .     a - +2 mace
rCold  + . .     Clarity  .     q - +0 scale mail
rNeg   . . .     SustAt   .     (no shield)
rPois  .         Gourm    .     (helmet restricted)
rElec  .         Spirit   .     e - +0 cloak
rCorr  .         Warding  .     k - +2 pair of gloves
rMut   .         Stasis   .     (no boots)
MR     .....                    (no amulet)
Stlth  ..........               i - +2 ring of strength
                                g - ring of protection from cold

@: starving, not resistant to hostile enchantments, extremely unstealthy
A: retaliatory headbutt, horns 2
a: Depart the Abyss, Bend Space, Renounce Religion


You were on level 1 of the Dungeon.
You worshipped Lugonu.
Lugonu was pleased with you.
You were starving.

You visited 1 branch of the dungeon, and saw 3 of its levels.
You visited the Abyss 1 time.

You collected 162 gold pieces.

Inventory:

Hand Weapons
 a - a +2 mace (weapon)
Armour
 e - a +0 cloak (worn)
 k - a +2 pair of gloves (worn)
 q - a +0 scale mail (worn)
Jewellery
 g - a ring of protection from cold (left hand)
 i - a +2 ring of strength (right hand)
Potions
 d - a potion of brilliance {unknown}
 m - 3 potions of curing
Comestibles
 c - a bread ration
 f - 2 meat rations


   Skills:
 + Level 4.6 Fighting
 * Level 4.8 Maces & Flails
 + Level 1.6 Throwing
 + Level 3.4 Armour
 - Level 1.1 Dodging
 + Level 2.7 Invocations


You had 4 spell levels left.
You didn't know any spells.

Dungeon Overview and Level Annotations

Branches:
Dungeon (3/15)

Altars:
Fedhas
Gozag
Kikubaaqudgha
Trog
The Shining One

Annotations:
D:1 exclusion: downstairs
D:2 exclusion: downstairs


Innate Abilities, Weirdness & Mutations

You reflexively headbutt those who attack you in melee.
You have a pair of horns on your head.


Message History

Space bends around you!
You blink.
You are starving!
Attempting RANGED ATTACK TO (-1,-3); ATTACKING (0,-1)
You swing at nothing.
FLEEEEING!
Attempting RANGED ATTACK TO (-1,-2); ATTACKING (0,-1)
You swing at nothing.
FLEEEEING!
MOVING TO (1,1)
You see here a stone.
MOVING TO (1,0)
You see here a stone.
MOVING TO (1,0)
The phantom blinks!
Attempting RANGED ATTACK TO (-4,-1); ATTACKING (-1,0)
You swing at nothing.
FLEEEEING!
Attempting RANGED ATTACK TO (-2,0); ATTACKING (-1,0)
You swing at nothing.
Are you sure you want to abandon this character and quit the game? (Confirm with "yes".)

77PP.P...####.#.....#
7P7.77####......P.PP#
##77P...7...#.##PP.77P.#
#....P.77##.#..P..77...#
#.7..777###.#...77P7...#
##..###....#.##.P7(7P..##
#..## #.##...#(.7P...#.# ..##
#.....((.(7...#..# .##
####....(WH(#...## ##
###.#.###((.(### #
##...#.(..(...(###
##..#.#.######..(.###
#.....#..#/%....>.(.###
#.....#..#(###.#.##...###
7#7###..}..##.#(#((.#.####...#
....##.......[#.#(#.#.# ###.#
7)7.##.....####(#.###.# #.#


You could see a phantom.

Table legend:
 A = Turns spent in this place as a percentage of turns spent in the entire game.
 B = Non-inter-level travel turns spent in this place as a percentage of non-inter-level travel turns spent in the entire game.
 C = Inter-level travel turns spent in this place as a percentage of turns spent in this place.
 D = Turns resting spent in this place as a percentage of non-inter-level travel turns spent in this place.
 E = Turns spent auto-exploring this place as a percentage of non-inter-level travel turns spent in this place.
 F = Non-inter-level travel turns spent in this place divided by the number of levels of this place that you've seen.
                   A       B       C       D       E      F
               +-------+-------+-------+-------+-------+----------------------
         Total | 100.0 | 100.0 |   0.2 |   0.9 |   1.0 | 2312.0
       Dungeon |  99.6 |  99.6 |   0.2 |   0.9 |   1.0 | 3071.7
         Abyss |   0.4 |   0.4 |   0.0 |   0.0 |   3.0 |  33.0
               +-------+-------+-------+-------+-------+----------------------

Table legend:
 A = Kills in this place as a percentage of kills in entire the game.
 B = Kills by you in this place as a percentage of kills by you in the entire game.
 C = Kills by friends in this place as a percentage of kills by friends in the entire game.
 D = Other kills in this place as a percentage of other kills in the entire game.
 E = Experience gained in this place as a percentage of experience gained in the entire game.
 F = Experience gained in this place divided by the number of levels of this place that you have seen.
                   A       B       C       D       E      F
               +-------+-------+-------+-------+-------+----------------------
         Total | 100.0 | 100.0 | 100.0 |  -nan | 100.0 |  75.5
       Dungeon | 100.0 | 100.0 | 100.0 |  -nan | 100.0 | 100.7
               +-------+-------+-------+-------+-------+----------------------

Vanquished Creatures
  A scorpion (D:3)
  Ijyb (D:2)
  Jessica (D:2)
  5 adders (D:2)
  An ooze (D:1)
  4 worms (D:2)
  A giant gecko (D:3)
  4 bats (D:1)
  A giant cockroach (D:3)
  8 goblins
  A hobgoblin (D:1)
  4 jackals (D:1)
  A giant newt (D:2)
  7 kobolds
  10 rats
50 creatures vanquished.

Vanquished Creatures (collateral kills)
  A giant cockroach (D:2)
1 creature vanquished.

Vanquished Creatures (others)
  A plant (D:1)
1 creature vanquished.

Grand Total: 52 creatures vanquished

Notes
Turn   | Place    | Note
--------------------------------------------------------------
     0 | Abyss:1  | gw the Minotaur Abyssal Knight began the quest for the Orb.
     0 | Abyss:1  | Reached XP level 1. HP: 19/19 MP: 1/1
    16 | D:1      | Escaped the Abyss
   334 | D:1      | Reached XP level 2. HP: 27/27 MP: 2/2
   372 | D:1      | Reached ** piety under Lugonu
   991 | D:2      | Noticed Jessica
   994 | D:2      | Killed Jessica
   994 | D:2      | Reached skill level 4 in Fighting
   994 | D:2      | Reached skill level 1 in Throwing
   994 | D:2      | Reached XP level 3. HP: 33/33 MP: 3/3
  1062 | D:2      | Found a blossoming altar of Fedhas.
  1270 | D:2      | Found a glowing golden altar of the Shining One.
  1274 | D:2      | Found a bloodstained altar of Trog.
  1277 | D:2      | Found an opulent altar of Gozag.
  1280 | D:2      | Found an ancient bone altar of Kikubaaqudgha.
  1342 | D:2      | Noticed Ijyb
  1375 | D:2      | Killed Ijyb
  1375 | D:2      | Reached XP level 4. HP: 39/41 MP: 4/4
  1627 | D:2      | Reached XP level 5. HP: 47/47 MP: 5/5
  2784 | D:3      | Noticed a phantom
  4183 | D:1      | Quit the game

Action                   |  1- 3 |  4- 6 || total
-------------------------+-------+-------++-------
Melee: Mace              |    73 |    41 ||   114
Throw: Stone             |    62 |   230 ||   292
Invok: Bend Space        |       |    45 ||    45
Evoke: Wand              |       |     3 ||     3
  Use: Scroll            |     4 |     5 ||     9
       Potion            |     2 |     2 ||     4
  Eat: Chunk             |     1 |     6 ||     7
       Bread ration      |       |     1 ||     1

Vault maps used:
D:1:      lemuel_arrival_behind_the_door_large, serial_forest,
          infiniplex_forest_clump_tiny, infiniplex_forest_straight_2,
          infiniplex_forest_end_2, infiniplex_forest_lined_corner,
          infiniplex_forest_clump_diagonal, infiniplex_forest_corner_2,
          infiniplex_forest_clump_medium, infiniplex_forest_end_3,
          solitary_fountain
D:2:      lemuel_crystal_altar, grunt_temple_overflow_cloverleaf, uniq_jessica,
          uniq_iyjb
D:3:      lemuel_round_altar, lemuel_crystal_altar, first_bread, uniq_grinder
Abyss:1:  evilmike_abyss_exit_1
